 Dungeon Crawl Stone Soup version 0.20.1-1-g8b1a95d (webtiles) character file.

18081 Irenicus the Ripper (level 12, -3/61 HPs)
             Began as a Felid Chaos Knight on Oct 12, 2017.
             Slain by a troll (4 damage)
             ... while paralysed
             ... on level 2 of the Orcish Mines.
             The game lasted 01:04:44 (17558 turns).

Irenicus the Ripper (Felid Chaos Knight)           Turns: 17558, Time: 01:04:46

Health: -3/61      AC:  3    Str:  6    XL:     12   Next: 24%
Magic:  16/16      EV:  4    Int: 14    God:    Xom [*.....]
Gold:   959        SH:  0    Dex: 20    Spells: 9/11 levels left
                                        Lives:  0   Deaths: 3

rFire    + . .     SeeInvis +     - Unarmed
rCold    + . .     Gourm    .   (shield unavailable)
rNeg     + . .     Faith    .   (armour unavailable)
rPois    +         Spirit   .   (helmet unavailable)
rElec    .         Reflect  .   (cloak unavailable)
rCorr    .         Harm     .   (gloves unavailable)
MR       +....     Rnd*Tele +   (boots unavailable)
Stlth    ++++++....             g - amulet of rage
Regen    0.2/turn               J - ring of protection from fire
MPRegen  0.2/turn               K - ring of positive energy

@: paralysed, berserk cooldown, slowed, quick
A: no armour, no weapons or thrown items, stealth, claws 1, fangs 3, horns 1,
see invisible, carnivore 3, speed 1, poison resistance, shaggy fur 3, slow
metabolism 1, teleportitis 2, weak 1, evolution 2, sharp paws
a: Renounce Religion, Evoke Berserk Rage


You were on level 2 of the Orcish Mines.
You worshipped Xom.
You were a special plaything of Xom.
You were not hungry.

You visited 2 branches of the dungeon, and saw 17 of its levels.
You also visited: Labyrinth.

You collected 1334 gold pieces.
You spent 375 gold pieces at shops.

Inventory:

Jewellery
 f - an uncursed ring of ice
 g - an amulet of rage (around neck)
 u - an uncursed ring of poison resistance
 J - a ring of protection from fire (left paw)
 K - a ring of positive energy (right paw)
 P - an uncursed ring of positive energy
 S - an uncursed ring of protection from cold
 Y - the amulet of Secrets {Harm *Drain rC++ Str+2}
   (You acquired it on level 10 of the Dungeon)

   [amulet of harm]

   It increases damage dealt and taken.
   It affects your strength (+2).
   It greatly protects you from cold.
   It causes draining when unequipped.
Wands
 b - a wand of polymorph (7/24)
 d - a wand of enslavement (9/24)
 h - a wand of iceblast (0/15)
 q - a wand of iceblast (3/15)
 F - a wand of random effects (2/48)
 R - a wand of paralysis (11/24)
 T - a wand of lightning (2/15)
Scrolls
 c - a scroll of fear {unknown}
 e - 2 scrolls of enchant armour {unknown}
 j - a scroll of fog
 l - 2 scrolls of enchant weapon
 m - 6 scrolls of remove curse
 p - 3 scrolls of amnesia
 t - 2 scrolls of teleportation
 C - 12 scrolls of identify
 E - 3 scrolls of magic mapping
 G - 3 scrolls of noise
 L - a scroll of immolation
 M - 2 scrolls of torment {unknown}
 O - a scroll of summoning {unknown}
Potions
 i - 3 potions of haste
 k - 3 potions of flight
 n - 2 potions of heal wounds
 o - 4 potions of berserk rage
 s - a potion of brilliance {unknown}
 v - 2 potions of ambrosia
 w - 2 potions of invisibility
 z - 3 potions of lignification {unknown}
 A - a potion of magic {unknown}
 B - 2 potions of agility {unknown}
 H - 3 potions of curing
 X - 2 potions of mutation {unknown}
Books
 D - a book of Maledictions

   Spells                             Type                      Level
   a - Corona                         Hexes                        1
   b - Ensorcelled Hibernation        Hexes/Ice                    2
   c - Confuse                        Hexes                        3
   d - Tukima's Dance                 Hexes                        3
   e - Dazzling Spray                 Conjuration/Hexes            3
 I - a Young Poisoner's Handbook

   Spells                             Type                      Level
   a - Sting                          Conjuration/Poison           1
   b - Poisonous Vapours              Poison/Air                   2
   c - Mephitic Cloud                 Conjuration/Poison/Air       3
   d - Olgreb's Toxic Radiance        Poison                       4
   e - Venom Bolt                     Conjuration/Poison           5
 N - a book of Callings

   Spells                             Type                      Level
   a - Summon Small Mammal            Summoning                    1
   b - Call Imp                       Summoning                    2
   c - Call Canine Familiar           Summoning                    3
   d - Summon Guardian Golem          Hexes/Summoning              3
   e - Summon Lightning Spire         Summoning/Air                4
   f - Summon Ice Beast               Ice/Summoning                4
 Q - a book of Geomancy

   Spells                             Type                      Level
   a - Sandblast                      Earth                        1
   b - Passwall                       Transmutation/Earth          2
   c - Stone Arrow                    Conjuration/Earth            3
   d - Petrify                        Transmutation/Earth          4
   e - Lee's Rapid Deconstruction     Earth                        5
 W - a book of Clouds

   Spells                             Type                      Level
   a - Poisonous Vapours              Poison/Air                   2
   b - Mephitic Cloud                 Conjuration/Poison/Air       3
   c - Conjure Flame                  Conjuration/Fire             3
   d - Freezing Cloud                 Conjuration/Ice/Air          6
   e - Ring of Flames                 Charms/Fire                  7
 Z - a book of Misfortune

   Spells                             Type                      Level
   a - Confusing Touch                Hexes                        1
   b - Confuse                        Hexes                        3
   c - Gell's Gravitas                Translocation                3
   d - Petrify                        Transmutation/Earth          4
   e - Metabolic Englaciation         Hexes/Ice                    5
   f - Yara's Violent Unravelling     Hexes/Transmutation          5
Miscellaneous
 U - a phial of floods
Comestibles
 a - 12 meat rations
 r - 19 royal jellies


   Skills:
 - Level 12.0 Fighting
 - Level 13.1 Dodging
 - Level 12.1 Stealth
 + Level 16.5 Unarmed Combat
 - Level 3.0 Hexes
 - Level 4.0 Evocations


You had 9 spell levels left.
You knew the following spells:

 Your Spells              Type           Power        Failure   Level  Hunger
a - Corona                Hex            #......      9%          1    ##.....
b - Confusing Touch       Hex            #.....       9%          1    ##.....


Dungeon Overview and Level Annotations

Branches:
Dungeon (15/15)            Temple (0/1) D:6            Lair (0/6) D:9
    Orc (2/2) D:9             Elf (0/3) Orc:2        Vaults (0/5) D:13
 Depths (0/5) D:15

Altars:
Elyvilon
Gozag
Hepliaklqana
Ru
Sif Muna
Uskayaw
Xom
The Shining One

Shops:
D:5 [   D:9 =   D:10 [   D:12 [   Orc:2 *(![


Innate Abilities, Weirdness & Mutations

You cannot wear armour.
You are incapable of wielding weapons or throwing items.
Your paws allow you to move quietly. (Stealth)
You have sharp claws.
You have razor-sharp teeth.
You have supernaturally acute eyesight. (SInv)
You are carnivorous and can eat meat at any time.
You cover ground quickly.
Your thick and shaggy fur keeps you warm. (AC +3, rC+)
You have a slow metabolism.
Your sharp claws are effective at attacking unaware monsters.
You have a pair of small horns on your head.
Your system is resistant to poisons. (rPois)
You are sometimes teleported next to monsters.
You are weak. (Str -2)
You rapidly evolve.


Message History

Things that are here:
a giant club; an ogre corpse You feel a strong urge to attack something.
The ogre shouts!
Found Okhlydeg's Distillery.
You are no longer berserk.
You pass out from exhaustion.
You feel yourself slow down. The troll bites you!
The troll claws you but does no damage. The troll claws you!
Found 16 gold pieces.
The troll closely misses you. The troll barely misses you. The troll claws you.
The troll bites you. The troll claws you. x2
* * * LOW HITPOINT WARNING * * *
The troll bites you!
* * * LOW HITPOINT WARNING * * *
The troll claws you.
* * * LOW HITPOINT WARNING * * *
The troll claws you.
You die...
Xom giggles madly!

.......# ##.........# ##..
..........
##......O#####...
.......##.
#......)TOT))_.. .....###
.......OT)..%... ......#
### .......∩.)))%.%%
#....##
##)##.......oO)...%.%
.....#
#..)#.......Oh..._...
......
#..#.)#.#O.......oo.....
...
#.......@O.....Oh........
...
#........T.∩..............
... ##..............∩
#..#............
#..$#............ ........
##. #...............ho.oT.
## ......................
.$..............(......
.##... .......To.


You could see a troll and 3 ogres.

Vanquished Creatures
  Snorg (Orc:1)
  An ettin (D:15)
  A minotaur (Lab)
  2 hydras
  Sonja (D:10)
  4 centaur warriors
  3 ogre magi
  A death yak (D:9)
  15 two-headed ogres
  The ghost of tarantulino the Severer, a journeyman TeBe of Trog (D:10)
  A deep troll (Orc:2)
  3 unseen horrors
  Pikel (D:4)
  A manticore (D:14)
  An ugly thing (D:12)
  3 deep elf magi
  4 cyclopes
  Joseph (D:8)
  A torpor snail (Orc:2)
  4 centaur skeletons
  A gargoyle (D:14)
  A komodo dragon (D:15)
  3 kobold demonologists (D:14)
  An efreet (D:15)
  A queen bee (D:10)
  A jumping spider (shapeshifter) (D:13)
  9 trolls
  A hornet (D:11)
  A minotaur skeleton (Lab)
  4 slime creatures (D:14)
  A harpy skeleton (D:13)
  2 hippogriffs (D:9)
  A dream sheep (D:10)
  2 meliai zombies
  Eustachio (D:4)
  A wraith (D:13)
  8 yaks (D:10)
  2 shadows
  4 water elementals (D:14)
  3 basilisks
  8 vampire mosquitoes
  A wyvern (D:13)
  2 hungry ghosts
  A soldier ant (D:14)
  Edmund (D:6)
  A warg (Orc:2)
  A water moccasin (D:6)
  An acid dragon (D:15)
  A meliai simulacrum (D:13)
  5 sky beasts
  2 ice beasts
  A hornet zombie (D:13)
  A black bear (D:7)
  11 orc warriors
  A phantom (D:8)
  2 eyes of draining
  18 ogres
  6 boggarts
  4 crocodiles
  9 centaurs
  A big kobold (D:14)
  6 bullfrogs
  4 scorpions
  31 killer bees
  A spriggan skeleton (Lab)
  2 troll skeletons (Lab)
  12 wights
  A vampire bat (D:5)
  3 howler monkeys
  7 crimson imps
  4 centaur zombies
  A quasit (D:7)
  5 hounds
  4 jellies
  15 orc priests
  Crazy Yiuf (D:4)
  3 bullfrog skeletons
  2 iguanas
  Ijyb (D:4)
  Terence (D:3)
  15 orc wizards
  11 worker ants
  An ogre skeleton (Lab)
  2 hound zombies
  2 howler monkey skeletons
  9 adders
  4 gnolls (D:5)
  3 adder zombies
  4 worms
  A dart slug (D:2)
  5 leopard geckos
  72 orcs
  A ball python (D:3)
  8 giant cockroaches
  9 hobgoblins
  10 jackals (D:3)
  7 kobolds
  A quokka (D:8)
  A ball python skeleton (D:4)
  13 bats
  9 frilled lizards
  8 goblins
  3 goblin skeletons (D:7)
  3 hobgoblin zombies (D:7)
  A jackal zombie (D:8)
  A kobold zombie (D:7)
  An orc zombie (D:7)
  6 rats
  A butterfly (D:6)
492 creatures vanquished.

Vanquished Creatures (collateral kills)
  A yak (D:10)
  An orc warrior (D:10)
  3 killer bees (D:10)
  2 orc priests (D:10)
  An orc wizard (D:10)
  2 orcs (D:10)
10 creatures vanquished.

Vanquished Creatures (others)
  A vault guard (D:13)
  2 slaves (D:4)
  A centaur (D:10)
  A killer bee (D:10)
  A hound (D:10)
  An orc priest (D:4)
  2 orc wizards (D:4)
  A bullfrog skeleton (D:4)
  An orc (D:4)
11 creatures vanquished.

Grand Total: 513 creatures vanquished

Notes
Turn   | Place    | Note
-------+----------+-------------------------------------------
     0 | D:1      | Irenicus the Felid Chaos Knight began the quest for the Orb.
     0 | D:1      | Reached XP level 1. HP: 10/10 MP: 2/2
    18 | D:1      | XOM: butterfly on damage
    27 | D:1      | Reached skill level 1 in Stealth
    30 | D:1      | XOM: divination: detect creatures
   102 | D:1      | XOM: divination: detect items
   188 | D:1      | XOM: divination: detect items
   195 | D:1      | Reached XP level 2. HP: 9/14 MP: 3/3
   453 | D:1      | XOM: harmless Conj miscast
   739 | D:1      | XOM: summons 1 hostile demon
   872 | D:2      | XOM: harmless Pois miscast
  1019 | D:2      | XOM: scenery: create altars
  1022 | D:2      | XOM: cleaving
  1026 | D:2      | Reached XP level 3. HP: 17/17 MP: 4/4
  1097 | D:2      | XOM: mild Hex miscast
  1488 | D:2      | Reached skill level 4 in Unarmed Combat
  1763 | D:2      | Reached XP level 4. HP: 15/21 MP: 5/5
  2004 | D:3      | Found a hide-covered altar of Uskayaw.
  2029 | D:3      | Reached skill level 1 in Evocations
  2056 | D:3      | Found an opulent altar of Gozag.
  2060 | D:3      | Found a hazy altar of Hepliaklqana.
  2103 | D:3      | Found a deep blue altar of Sif Muna.
  2198 | D:3      | XOM: mild Chrm miscast
  2205 | D:3      | XOM: swap monsters
  2422 | D:3      | Reached XP level 5. HP: 19/24 MP: 7/7
  2450 | D:3      | Noticed Terence
  2472 | D:3      | Killed Terence
  2472 | D:3      | Reached skill level 5 in Unarmed Combat
  2476 | D:3      | XOM is BORED!
  2476 | D:3      | XOM: summons 2 hostile demons
  2954 | D:4      | Noticed a slave
  2954 | D:4      | Noticed a slave
  2954 | D:4      | Noticed a slave
  2975 | D:4      | Noticed Pikel
  2975 | D:4      | Noticed a slave
  2984 | D:4      | XOM: summons friendly shadow imp
  2989 | D:4      | Killed Pikel
  2989 | D:4      | Reached skill level 7 in Unarmed Combat
  2989 | D:4      | Gained mutation: You are covered in thick fur. (AC +2) [Felid growth]
  2989 | D:4      | Reached XP level 6. HP: 28/28 MP: 7/9
  2989 | D:4      | Reached XP level 7. HP: 31/31 MP: 7/10
  3012 | D:4      | Noticed Eustachio
  3026 | D:4      | XOM: confuse monster(s)
  3027 | D:4      | Killed Eustachio
  3157 | D:4      | Noticed Ijyb
  3166 | D:4      | HP: 1/46 [Ijyb/wand of lightning (?/15) (23)]
  3168 | D:4      | Killed Ijyb
  3189 | D:4      | XOM: divination: magic mapping
  3284 | D:4      | Reached skill level 8 in Unarmed Combat
  3393 | D:4      | XOM: harmless Air miscast
  3472 | D:4      | Found a runed door.
  3476 | D:4      | Noticed Crazy Yiuf
  3480 | D:4      | Killed Crazy Yiuf
  3876 | D:5      | XOM: stealth player
  3876 | D:5      | Entered Level 5 of the Dungeon
  4009 | D:5      | Found Xeid's Antique Armour Shop.
  4035 | D:5      | XOM: confuse monster(s)
  4036 | D:5      | Reached XP level 8. HP: 27/34 MP: 12/12
  4083 | D:5      | Reached skill level 9 in Unarmed Combat
  4517 | D:5      | XOM: cloud trail
  4549 | D:5      | Reached skill level 10 in Unarmed Combat
  4662 | D:5      | Gained mutation: You evolve. [mutagenic meat]
  4667 | D:5      | Gained mutation: You expend magic power (3 MP) to strengthen your wands. [mutagenic meat]
  4668 | D:5      | Gained mutation: You are occasionally teleported next to monsters. [mutagenic meat]
  4669 | D:5      | Gained mutation: You are partially covered in rugged brown scales. (AC +1, +3% HP) [mutagenic meat]
  4973 | D:5      | XOM: god gift: 5 tomahawks of dispersal
  5027 | D:6      | Noticed Edmund
  5029 | D:6      | Killed Edmund
  5068 | D:6      | XOM: 1-stop teleportation journey
  5238 | D:6      | Reached skill level 11 in Unarmed Combat
  5252 | D:6      | HP: 1/35 [killer bee (8)]
  5571 | D:6      | Reached XP level 9. HP: 38/38 MP: 13/13
  5628 | D:6      | XOM: destruction
  5938 | D:6      | XOM: divination: detect creatures
  5986 | D:6      | Found a staircase to the Ecumenical Temple.
  6015 | D:6      | XOM: divination: detect creatures
  6209 | D:6      | XOM: summons 3 friendly demons
  6214 | D:6      | Reached skill level 12 in Unarmed Combat
  6448 | D:7      | XOM: cast spell 'Shadow Creatures'
  6509 | D:7      | Found a glowing golden altar of the Shining One.
  6587 | D:7      | XOM: summons 2 hostile shadow creatures
  6793 | D:7      | XOM: enchant monster (bad)
  6796 | D:7      | XOM: repel stairs
  7585 | D:8      | Reached skill level 13 in Unarmed Combat
  7625 | D:8      | XOM: harmless Necr miscast
  7722 | D:8      | XOM: give mutations
  7722 | D:8      | Gained mutation: You are frail. (-10% HP) [Xom's mischief]
  7722 | D:8      | Lost mutation: You expend magic power (3 MP) to strengthen your wands. [Xom's mischief]
  7734 | D:8      | Reached skill level 5 in Dodging
  7812 | D:8      | Noticed Joseph
  7828 | D:8      | XOM: noise
  7833 | D:8      | Killed Joseph
  7833 | D:8      | Reached XP level 10. HP: 39/39 MP: 14/14
  7835 | D:8      | Lost mutation: You are partially covered in rugged brown scales. (AC +1, +3% HP) [mutagenic meat]
  7881 | D:8      | XOM: fog
  7932 | D:8      | Noticed a two-headed ogre
  8058 | D:8      | Killed a two-headed ogre
  8324 | D:9      | Found Apnull's Jewellery Shoppe.
  8721 | D:9      | Found a white marble altar of Elyvilon.
  8748 | D:9      | Reached skill level 10 in Dodging
  8901 | D:9      | XOM: blink monster(s)
  8924 | D:9      | XOM: harmless Ice miscast
  8995 | D:9      | Found a staircase to the Lair.
  8996 | D:9      | Noticed a death yak
  9313 | D:9      | Killed a death yak
  9436 | D:9      | XOM: scenery: 1 doors close
  9453 | D:9      | Found a staircase to the Orcish Mines.
  9489 | D:9      | XOM: god gift: robe {god gift}
  9498 | D:9      | XOM: give mutations
  9498 | D:9      | Gained mutation: Your muscles are strong. (Str +2) [Xom's grace]
  9498 | D:9      | Gained mutation: You are agile. (Dex +2) [Xom's grace]
  9498 | D:9      | Gained mutation: You are resistant to hostile enchantments. (MR+) [Xom's grace]
  9516 | D:9      | XOM: scenery: create altars
  9517 | D:9      | XOM: repel stairs
  9529 | D:9      | XOM: scenery: create altars
  9562 | D:9      | XOM: god gift: scroll labeled LUVO BUECIUGG {god gift}
  9637 | D:9      | Learned a level 1 spell: Corona
  9709 | D:9      | Reached XP level 11. HP: 21/40 MP: 15/15
  9787 | D:9      | XOM: give mutations
  9787 | D:9      | Gained mutation: Your system is resistant to poisons. (rPois) [Xom's grace]
  9787 | D:9      | Gained mutation: You possess an exceptional clarity of mind. [Xom's grace]
  9793 | D:9      | XOM: give mutation
  9793 | D:9      | Gained mutation: You have a pair of small horns on your head. [Xom's grace]
  9828 | D:9      | Bought an uncursed ring of protection from fire for 375 gold pieces
  9895 | D:10     | Entered Level 10 of the Dungeon
  9896 | D:10     | XOM: god gift: tubular cabochon ring {god gift}
  9911 | D:10     | Found Reriuto's Armour Shop.
  9923 | D:10     | Reached skill level 1 in Hexes
  9936 | D:10     | XOM: give mutation
  9936 | D:10     | Lost mutation: Your muscles are strong. (Str +2) [Xom's mischief]
 10061 | D:10     | XOM: mild Air miscast
 10232 | D:10     | Noticed tarantulino's ghost (journeyman TeBe)
 10237 | D:10     | XOM: enchant monster (bad)
 10240 | D:10     | Noticed Sonja
 10400 | D:10     | XOM: potion effect (might)
 10406 | D:10     | Killed tarantulino's ghost
 10439 | D:10     | XOM: cast spell 'Discord'
 10443 | D:10     | Noticed a two-headed ogre
 10450 | D:10     | XOM: polymorph ogre -> boggart
 10462 | D:10     | XOM: medium Pois miscast
 10463 | D:10     | XOM: stat loss: -1 Dex (20/21)
 10466 | D:10     | a two-headed ogre changed into a dream sheep
 10466 | D:10     | XOM: polymorph two-headed ogre -> dream sheep
 10467 | D:10     | Reached skill level 5 in Fighting
 10496 | D:10     | XOM: repel stairs
 10499 | D:10     | Killed Sonja
 10538 | D:10     | XOM: medium Ice miscast
 10728 | D:11     | Noticed an unseen horror
 10734 | D:11     | Killed an unseen horror
 10772 | D:11     | XOM: smoke on damage
 10832 | D:11     | XOM: god gift: book of Callings
 10934 | D:11     | Found a sacrificial altar of Ru.
 11134 | D:11     | XOM: god gift: scroll labeled IDUH QABALL {god gift}
 11158 | D:11     | XOM: medium Air miscast
 11188 | D:11     | Reached skill level 5 in Stealth
 11215 | D:11     | XOM: mild Summ miscast
 11236 | D:11     | XOM: harmless Conj miscast
 11253 | D:11     | Noticed a two-headed ogre
 11261 | D:11     | XOM: swap monsters
 11263 | D:11     | Killed a two-headed ogre
 11404 | D:11     | Lost mutation: You are resistant to hostile enchantments. (MR+) [evolution]
 11471 | D:10     | XOM: summons 4 friendly demons
 11635 | D:10     | XOM: enchant monster (good)
 11647 | D:10     | XOM: noise
 11652 | D:10     | XOM: cast spell 'Discord'
 11886 | D:12     | Noticed a cyan ugly thing
 11891 | D:12     | Killed a cyan ugly thing
 11891 | D:12     | Reached skill level 10 in Stealth
 11894 | D:12     | Gained mutation: You are sometimes teleported next to monsters. [mutagenic meat]
 11895 | D:12     | Gained mutation: You rapidly evolve. [mutagenic meat]
 11901 | D:12     | Noticed a two-headed ogre
 11908 | D:12     | Killed a two-headed ogre
 11951 | D:12     | XOM: polymorph orc warrior -> killer bee
 11967 | D:12     | Gained mutation: Your thick and shaggy fur keeps you warm. (AC +3, rC+) [Felid growth]
 11967 | D:12     | Reached XP level 12. HP: 25/47 MP: 16/16
 11991 | D:12     | XOM: enchant monster (good)
 12047 | D:12     | XOM: scenery: 1 doors open, 1 doors close
 12370 | D:12     | XOM: harmless Hex miscast
 12376 | D:12     | XOM: divination: detect items
 12400 | D:12     | Noticed a two-headed ogre
 12404 | D:12     | Noticed a five-headed hydra
 12405 | D:12     | XOM: confuse monster(s)
 12421 | D:12     | Killed a two-headed ogre
 12427 | D:12     | XOM: summons friendly crimson imp
 12461 | D:13     | Noticed a centaur warrior
 12462 | D:13     | XOM: cast spell 'Summon Hydra'
 12473 | D:13     | XOM: harmless Erth miscast
 12475 | D:13     | Killed a centaur warrior
 12584 | D:13     | Found a labyrinth entrance.
 12588 | Lab      | Entered a labyrinth
 12709 | Lab      | Lost mutation: You are frail. (-10% HP) [evolution]
 12785 | Lab      | Noticed a minotaur
 12788 | Lab      | Killed a minotaur
 12827 | D:13     | XOM: scenery: create altars
 12849 | D:13     | Lost mutation: You have a pair of small horns on your head. [mutagenic meat]
 12850 | D:13     | Gained mutation: You expend magic power (3 MP) to strengthen your wands. [mutagenic meat]
 12851 | D:13     | Gained mutation: You are weak. (Str -2) [mutagenic meat]
 12966 | D:13     | Noticed a two-headed ogre
 12979 | D:13     | XOM: destruction
 12980 | D:13     | Killed a two-headed ogre
 13198 | D:12     | XOM: enchant monster (good)
 13211 | D:12     | Killed a five-headed hydra
 13211 | D:12     | Reached skill level 10 in Fighting
 13349 | D:12     | Found Oskoogiu's Armour Boutique.
 13431 | D:12     | XOM: 7-stop teleportation journey
 13656 | D:13     | Killed from afar by a battlesphere
 13657 | D:13     | Reached XP level 11. HP: 0/55 MP: 15/15
 13841 | D:13     | Found a gate to the Vaults.
 13841 | D:13     | Noticed a vault guard
 13851 | D:13     | Killed a deep elf mage
 13974 | D:13     | Killed a vault guard
 13974 | D:13     | XOM: divine lightning
 14217 | D:14     | XOM: summons 2 friendly demons
 14292 | D:14     | Noticed a deep elf mage
 14310 | D:14     | Killed a deep elf mage
 14310 | D:14     | Reached XP level 12. HP: 60/60 MP: 16/16
 14320 | D:14     | XOM: enchant monster (good)
 14343 | D:14     | Gained mutation: You have a pair of small horns on your head. [evolution]
 14581 | D:14     | Noticed a two-headed ogre
 14585 | D:14     | Killed a two-headed ogre
 14738 | D:14     | XOM: torment (35/61 hp)
 14785 | D:14     | XOM: summons 3 hostile demons
 14822 | D:14     | XOM: mild Tloc miscast
 14825 | D:14     | XOM: harmless Pois miscast
 14838 | D:14     | XOM: noise
 14849 | D:14     | HP: 2/91 [drowned by a water elemental (3)]
 14850 | D:14     | Drowned by a water elemental
 14851 | D:14     | Reached XP level 11. HP: -2/85 MP: 6/15
 14946 | D:14     | Found a white marble altar of Elyvilon.
 14951 | D:14     | Learned a level 1 spell: Confusing Touch
 15047 | D:14     | XOM: harmless Erth miscast
 15114 | D:14     | Lost mutation: You expend magic power (3 MP) to strengthen your wands. [evolution]
 15130 | D:15     | Entered Level 15 of the Dungeon
 15136 | D:15     | Noticed a four-headed hydra
 15144 | D:15     | Killed a four-headed hydra
 15280 | D:15     | Noticed a two-headed ogre
 15286 | D:15     | Killed a two-headed ogre
 15288 | D:15     | Noticed a centaur warrior
 15288 | D:15     | Noticed an ettin
 15299 | D:15     | XOM: scenery: create altars
 15302 | D:15     | XOM: potion effect (curing)
 15315 | D:15     | Killed a centaur warrior
 15630 | D:15     | Noticed a centaur warrior
 15632 | D:15     | XOM: enchant monster (bad)
 15637 | D:15     | Killed a centaur warrior
 15637 | D:15     | Reached skill level 14 in Unarmed Combat
 15651 | D:15     | Noticed a centaur warrior
 15662 | D:15     | Noticed an ogre mage
 15797 | D:15     | Killed an ogre mage
 15803 | D:15     | Found a staircase to the Depths.
 15816 | D:15     | XOM: give mutations
 15816 | D:15     | Lost mutation: You are agile. (Dex +2) [Xom's mischief]
 15816 | D:15     | Lost mutation: You possess an exceptional clarity of mind. [Xom's mischief]
 15824 | D:15     | Reached XP level 12. HP: 61/61 MP: 16/16
 15871 | D:15     | XOM: summons friendly shadow imp
 15940 | D:15     | Noticed a two-headed ogre
 15940 | D:15     | Killed an ettin
 15949 | D:15     | Killed a two-headed ogre
 16124 | D:15     | XOM: cloud trail
 16131 | D:15     | XOM: swap monsters
 16141 | D:15     | Killed a centaur warrior
 16502 | D:10     | XOM: fog
 16509 | D:10     | XOM: cleaving
 16513 | D:10     | Reached skill level 15 in Unarmed Combat
 16532 | D:10     | Identified a scroll of acquirement
 16533 | D:10     | Got a smoking silver amulet
 16535 | D:10     | Identified the amulet of Secrets {Harm *Drain rC++ Str+2} (You acquired it on level 10 of the Dungeon)
 16568 | Orc:1    | XOM: noise
 16568 | Orc:1    | Entered Level 1 of the Orcish Mines
 16568 | Orc:1    | Noticed Snorg
 16594 | D:9      | XOM: 4-stop teleportation journey
 16645 | Orc:1    | XOM: cast spell 'Alistair's Intoxication'
 16655 | Orc:1    | Killed Snorg
 16863 | Orc:1    | XOM: mild Tmut miscast
 16883 | Orc:1    | XOM: enchant monster (good)
 16944 | Orc:1    | XOM: god gift: worn copper wand {god gift}
 17087 | Orc:2    | Entered Level 2 of the Orcish Mines
 17094 | Orc:2    | Found a staircase to the Elven Halls.
 17261 | Orc:2    | Found Qyci's Weapon Shoppe.
 17261 | Orc:2    | Noticed a two-headed ogre
 17261 | Orc:2    | Noticed a two-headed ogre
 17262 | Orc:2    | Noticed an ogre mage
 17263 | Orc:2    | Noticed a two-headed ogre
 17263 | Orc:2    | Noticed a two-headed ogre
 17263 | Orc:2    | Noticed a two-headed ogre
 17264 | Orc:2    | Noticed an ogre mage
 17264 | Orc:2    | Noticed a two-headed ogre
 17264 | Orc:2    | Found Liveam's Armour Shop.
 17264 | Orc:2    | Noticed a two-headed ogre
 17264 | Orc:2    | Noticed a two-headed ogre
 17274 | Orc:2    | Killed a two-headed ogre
 17274 | Orc:2    | Killed a two-headed ogre
 17274 | Orc:2    | Killed an ogre mage
 17274 | Orc:2    | Killed a two-headed ogre
 17274 | Orc:2    | Killed a two-headed ogre
 17274 | Orc:2    | Killed a two-headed ogre
 17274 | Orc:2    | Killed a two-headed ogre
 17274 | Orc:2    | Reached skill level 16 in Unarmed Combat
 17274 | Orc:2    | Reached XP level 13. HP: 30/64 MP: 17/17
 17275 | Orc:2    | XOM: scenery: create altars
 17279 | Orc:2    | XOM: harmless Tloc miscast
 17280 | Orc:2    | XOM: polymorph cyclops -> torpor snail
 17354 | Orc:2    | Noticed an ettin
 17449 | Orc:2    | XOM: 3-stop teleportation journey
 17466 | Orc:2    | XOM: smoke on damage
 17471 | Orc:2    | Slain by a troll
 17472 | Orc:2    | Reached XP level 12. HP: -2/91 MP: 16/16
 17540 | Orc:2    | Found Etefedoxu's Assorted Antiques.
 17540 | Orc:2    | XOM: 4-stop teleportation journey
 17554 | Orc:2    | Found Okhlydeg's Distillery.
 17558 | Orc:2    | HP: 3/61 [troll (13)]
 17558 | Orc:2    | HP: 1/61 [troll (2)]
 17558 | Orc:2    | Slain by a troll

Skill      XL: |  1  2  3  4  5  6  7  8  9 10 11 12 |
---------------+-------------------------------------+-----
Stealth        | 2 3 11 12 | 12.1
Unarmed Combat | 4 7 8 11 13 14 16 | 16.5
Evocations     | 1 3 4 |  4.0
Dodging        | 6 12 13 | 13.1
Hexes          | 3 |  3.0
Fighting       | 11 12 | 12.0

Action                   |  1- 3 |  4- 6 |  7- 9 | 10-12 | 13-15 || total
-------------------------+-------+-------+-------+-------+-------++-------
Melee: Unarmed           |   129 |    94 |   317 |   828 |    27 ||  1395
       Bite              |    12 |     9 |    26 |    93 |     2 ||   142
       Punch             |     1 |     1 |    13 |    63 |       ||    78
       Headbutt          |       |       |       |   106 |     7 ||   113
 Cast: Corona            |       |       |       |     6 |       ||     6
 Abil: Evoke Berserk Rag |     5 |     6 |    29 |    31 |     2 ||    73
Evoke: Wand              |       |       |       |    36 |       ||    36
       Phial of floods   |       |       |       |     1 |       ||     1
  Use: Scroll            |       |     2 |     4 |    14 |       ||    20
       Potion            |       |       |     7 |     3 |       ||    10
 Stab: Sleeping          |     5 |     7 |    12 |    48 |     1 ||    73
       Distracted        |       |     1 |     4 |     8 |       ||    13
       Confused          |       |       |     1 |     2 |       ||     3
       Paralysed         |       |       |     1 |     2 |       ||     3
       Petrifying        |       |       |     1 |       |       ||     1
       Petrified         |       |       |       |     1 |       ||     1
  Eat: Chunk             |    12 |     9 |    39 |    60 |       ||   120
Armor: Skin              |    10 |     2 |    26 |    18 |     1 ||    57
Dodge: Dodged            |   107 |    69 |   212 |   725 |    42 ||  1155
